 Dungeon Crawl Stone Soup version 0.26.0-7-g794d0892b4 (webtiles) character file.

Game seed: 8382378624651615335

3481 BOMJPIETVODKU the Cleaver (level 9, -22/79 HPs)
             Began as a Minotaur Fighter on Jan 11, 2021.
             Was an Initiate of Gozag.
             Annihilated by an orc knight
             ... wielding a +0 trident
              (28 damage)
             ... in a bailey.
             The game lasted 00:54:11 (6812 turns).

BOMJPIETVODKU the Cleaver (Minotaur Fighter)        Turns: 6812, Time: 00:54:11

Health: -22/79     AC: 15    Str: 23 (26) XL:     9   Next: 79%
Magic:  8/8        EV:  6    Int:  8 (11) God:    Gozag
Gold:   753        SH: 10    Dex:  9 (11) Spells: 8/8 levels left

rFire    . . .     SeeInvis +   a - +1 war axe
rCold    x . .     Faith    .   c - +0 kite shield
rNeg     . . .     Spirit   .   v - +1 plate armour
rPois    +         Reflect  .   (helmet restricted)
rElec    .         Harm     .   q - +0 cloak
rCorr    .         Rampage  .   (no gloves)
Will     .....     Rnd*Rage +   (no boots)
Stlth    ..........             I - amulet of regeneration
HPRegen  0.63/turn              j - ring "Epuot" {+Fly rPois rC- Int+3}
MPRegen  0.11/turn              f - ring "Houkeir" {*Contam Str+3 Int+3 SInv Stlth-}

@: mighty, gold aura
A: retaliatory headbutt, horns 2, berserk 1, wild magic 1
a: Renounce Religion, Evoke Flight, Potion Petition, Call Merchant, Bribe Branch


You were in a bailey.
You worshipped Gozag.
Gozag was pleased with you.
You visited 2 branches of the dungeon, and saw 9 of its levels.
You also visited: Bailey.

You collected 877 gold pieces.
You paid 124 gold pieces to Gozag.

Inventory:

Hand Weapons
 a - a +1 war axe (weapon)
 m - a +4 quarterstaff of chaos
Missiles
 e - 7 silver javelins (quivered)
 G - a throwing net
 L - 23 poisoned darts
Armour
 c - a +0 kite shield (worn)
 q - a +0 cloak (worn)
 v - a +1 plate armour (worn)
 y - the +1 robe of Pathos {+Fly Dex+2}
   (You found it on level 7 of the Dungeon)

   It affects your dexterity (+2).
   It lets you fly.
Jewellery
 f - the ring "Houkeir" (right hand) {*Contam Str+3 Int+3 SInv Stlth-}
   (You found it on level 8 of the Dungeon)

   [ring of attention]

   It affects your strength (+3).
   It affects your intelligence (+3).
   It lets you see invisible.
   It causes magical contamination when unequipped.
   It makes you less stealthy.
 j - the ring "Epuot" (left hand) {+Fly rPois rC- Int+3}
   (You acquired it in a bailey)

   [ring of flight]

   It affects your intelligence (+3).
   It makes you vulnerable to cold.
   It protects you from poison.
   It lets you fly.
 p - an uncursed ring of magical power
 I - an amulet of regeneration (around neck)
Wands
 D - a wand of acid (9)
 J - a wand of random effects (15)
 M - a wand of enslavement (9)
 O - a wand of digging (6)
Scrolls
 g - 7 scrolls of immolation
 i - a scroll of magic mapping
 k - 2 scrolls of teleportation
 l - 3 scrolls of fog
 s - 5 scrolls of identify
 z - 2 scrolls of enchant weapon
 C - a scroll of remove curse
Potions
 b - 4 potions of curing
 d - 4 potions of might
 h - a potion of magic
 o - 4 potions of heal wounds
 t - a potion of degeneration
 u - 4 potions of invisibility
 x - a potion of ambrosia
 A - a potion of brilliance
 N - a potion of attraction


   Skills:
 + Level 7.4 Fighting
 + Level 12.1 Axes
 + Level 1.7 Throwing
 - Level 7.0 Armour
 + Level 2.5 Dodging
 + Level 1.0 Stealth
 - Level 7.0 Shields
 + Level 0.5 Evocations


You had 8 spell levels left.
You didn't know any spells.
Your spell library was empty.

Dungeon Overview and Level Annotations

Branches:
Dungeon (8/15)             Temple (1/1) D:7          Bailey (1/1)
   Lair: D:8-11

Altars:
Ashenzari
Cheibriados
Dithmenos
Elyvilon
Gozag
Hepliaklqana
Makhleb
Nemelex Xobeh
Okawaru
Qazlal
Trog
Uskayaw
Vehumet
Wu Jian
Xom
Yredelemnul
Zin
The Shining One

Shops:
D:6 ?   D:7 (


Innate Abilities, Weirdness & Mutations

You reflexively headbutt those who attack you in melee.
You have a pair of horns on your head.
You tend to lose your temper in combat.
Your spells are a little harder to cast, but a little more powerful.


Message History

You are too injured to fight recklessly!
You are too injured to fight recklessly!
You are too injured to fight recklessly!
You are too injured to fight recklessly!
You are too injured to fight recklessly!
You are too injured to fight recklessly!
You are too injured to fight recklessly!
You are too injured to fight recklessly!
You closely miss the orc knight. You headbutt the orc knight!
The orc knight is lightly wounded.
The orc knight hits you from afar with a +0 trident!!
* * * LOW HITPOINT WARNING * * *
The orc knight hits you with a +0 trident.
* * * LOW HITPOINT WARNING * * *
You barely miss the orc knight.
The orc knight is lightly wounded.
You block the orc warrior's attack.
The orc knight hits you from afar with a +0 trident!!
You die...
Your body crumbles into a pile of gold.

#######
##..∩..##
#.....).#
#∩...).∩#
#....)))#
#...@)))#
#...o)..#
#..oo...#
#...o)..#
#....)).#
#...o.).#
#.......#
##.....##
###'###


You could see 3 orc knights, an orc warrior (strong) and an orc (strong).

Vanquished Creatures
  Pikel (D:7)
  Grinder (D:5)
  6 orc warriors
  2 ice beasts
  A phantom (D:5)
  3 ogres
  2 centaurs
  2 lemures (D:7)
  5 bullfrogs
  Blork the orc (D:6)
  5 wights (D:6)
  A howler monkey (D:5)
  A bullfrog skeleton (D:4)
  Crazy Yiuf (D:2)
  2 orc priests (D:7)
  2 centaur skeletons
  3 hounds
  A jelly (D:5)
  3 orc wizards
  3 iguanas
  6 worker ants
  10 adders
  7 gnolls (D:5)
  A shadow imp (D:7)
  A white imp (D:5)
  2 oozes (D:3)
  An ufetubus (D:6)
  An adder zombie (D:5)
  An adder skeleton (D:5)
  3 worms
  3 leopard geckos
  41 orcs
  12 bats
  4 giant cockroaches
  9 goblins
  6 hobgoblins
  6 jackals
  7 quokkas
  2 ball pythons
  6 frilled lizards
  2 jackal skeletons (D:4)
  7 kobolds
  A quokka skeleton (D:4)
  8 rats
193 creatures vanquished.

Vanquished Creatures (collateral kills)
  6 orcs (Bailey)
6 creatures vanquished.

Vanquished Creatures (others)
  4 orcs (Bailey)
  A plant (D:1)
  2 withered plants (D:3)
7 creatures vanquished.

Grand Total: 206 creatures vanquished

Notes
Turn   | Place    | Note
-------+----------+-------------------------------------------
     0 | D:1      | BOMJPIETVODKU the Minotaur Fighter began the quest for the
                  | Orb.
     0 | D:1      | Reached XP level 1. HP: 19/19 MP: 0/0
   216 | D:1      | Reached XP level 2. HP: 27/27 MP: 1/1
   478 | D:1      | Found a sparkling altar of Nemelex Xobeh.
  1101 | D:2      | Reached XP level 3. HP: 31/33 MP: 2/2
  1163 | D:2      | Found a runed translucent door.
  1164 | D:2      | Noticed Crazy Yiuf
  1179 | D:2      | Killed Crazy Yiuf
  1180 | D:2      | Reached skill level 3 in Axes
  1279 | D:2      | Reached XP level 4. HP: 41/41 MP: 3/3
  1561 | D:2      | Reached skill level 1 in Dodging
  2041 | D:3      | Reached XP level 5. HP: 46/47 MP: 4/4
  2084 | D:3      | Found a basalt altar of Yredelemnul.
  2167 | D:3      | Found a hazy altar of Hepliaklqana.
  2433 | D:3      | Reached skill level 5 in Armour
  2743 | D:3      | Found a bloodstained altar of Trog.
  2910 | D:4      | Reached skill level 4 in Axes
  3001 | D:4      | Noticed an ogre
  3005 | D:4      | Killed an ogre
  3006 | D:4      | Reached XP level 6. HP: 53/53 MP: 5/5
  3025 | D:4      | Reached skill level 5 in Shields
  3040 | D:4      | Reached skill level 5 in Axes
  3758 | D:5      | Entered Level 5 of the Dungeon
  3777 | D:5      | Reached XP level 7. HP: 59/60 MP: 6/6
  3807 | D:5      | Reached skill level 6 in Axes
  3982 | D:5      | Reached skill level 7 in Axes
  4002 | D:5      | Noticed Grinder
  4002 | D:5      | Paralysed by Grinder for 6 turns
  4015 | D:5      | Killed Grinder
  4016 | D:5      | Reached skill level 5 in Fighting
  4016 | D:5      | Reached XP level 8. HP: 55/68 MP: 7/7
  4065 | D:5      | Reached skill level 8 in Axes
  4332 | D:5      | Found a broken altar of Ashenzari.
  4605 | D:6      | Found Wigykhy's Magic Scroll Shoppe.
  4651 | D:6      | Found an opulent altar of Gozag.
  4756 | D:6      | Reached skill level 9 in Axes
  4875 | D:6      | Found an ornate altar of the Wu Jian Council.
  4878 | D:6      | Found a radiant altar of Vehumet.
  4878 | D:6      | Found a snail-covered altar of Cheibriados.
  4878 | D:6      | Found a shimmering altar of Xom.
  5103 | D:6      | Noticed Blork the orc
  5112 | D:6      | Killed Blork the orc
  5177 | D:6      | Became a worshipper of Gozag Ym Sagoz the Greedy
  5292 | D:6      | Reached skill level 10 in Axes
  5292 | D:6      | Reached XP level 9. HP: 70/71 MP: 8/8
  5729 | D:7      | Noticed Pikel
  5757 | D:7      | Killed Pikel
  5791 | D:7      | Reached skill level 11 in Axes
  5811 | D:7      | Reached skill level 1 in Throwing
  5898 | D:7      | Found a glowing golden altar of the Shining One.
  5915 | D:7      | Found a staircase to the Ecumenical Temple.
  5959 | D:7      | Found Wicha's Weapon Emporium.
  6021 | D:7      | Got a distressingly furry robe
  6032 | D:7      | Identified the cursed +1 robe of Pathos {+Fly Dex+2} (You
                  | found it on level 7 of the Dungeon)
  6254 | Temple   | Entered the Ecumenical Temple
  6389 | D:8      | Found a flagged portal.
  6405 | D:8      | Got a sparkling copper ring
  6422 | Bailey   | Entered a bailey
  6551 | Bailey   | Reached skill level 12 in Axes
  6612 | Bailey   | Gained mutation: You tend to lose your temper in combat.
                  | [potion of mutation]
  6612 | Bailey   | Gained mutation: Your spells are a little harder to cast,
                  | but a little more powerful. [potion of mutation]
  6749 | Bailey   | Identified a scroll of acquirement
  6749 | Bailey   | Acquired the ring "Epuot" {+Fly rPois rC- Int+3}
  6750 | Bailey   | Identified the ring "Houkeir" {*Contam Str+3 Int+3 SInv
                  | Stlth-} (You found it on level 8 of the Dungeon)
  6757 | Bailey   | Noticed an orc knight
  6757 | Bailey   | Noticed an orc knight
  6758 | Bailey   | Noticed an orc knight
  6803 | Bailey   | Reached skill level 1 in Stealth
  6812 | Bailey   | Annihilated by an orc knight

Illustrated notes

Levels and vault maps discovered:
D:1:      kilobyte_arrival_exit_the_forest, layout_basic,
          nemelex_diamond_rough_becter
D:2:      layout_loops_ring, ebering_dispersal_statue_hall,
          uniq_crazy_yiuf_cottage
D:3:      layout_basic, yredelemnul_altar_generic, marbit_many_paths,
          overflow_temple_1_default
D:4:      layout_basic
D:5:      layout_loops_cross, ashenzari_conservatory_becter, uniq_grinder
D:6:      layout_cave_pods, chequers_temple_overflow_statue_of_worship,
          kennysheep_mini_moat, serial_shops, nicolae_shop_statue_plus,
          hangedman_glass_teeth, uniq_blork_the_orc
D:7:      layout_rooms, tso_oasis_becter, minmay_temple_entry_antechambers,
          serial_shops, nicolae_shop_stone, uniq_pikel
D:8:      layout_basic, enter_bailey_3, kennysheep_generic_room_7
Temple:   compressed_dpeg_triangle_lava_temple
Bailey:   bailey_polearm_5, bailey

Skill      XL: |  1  2  3  4  5  6  7  8  9 |
---------------+----------------------------+-----
Shields        | 4 5 6 7 |  7.0
Fighting       | 4 5 6 7 |  7.4
Armour         | 4 5 6 7 |  7.0
Axes           | 3 4 5 7 10 12 | 12.1
Dodging        | 1 2 |  2.5
Throwing       | 1 |  1.7
Stealth        | 1 |  1.0
Evocations     | |  0.5

Action                   |  1- 3 |  4- 6 |  7- 9 || total
-------------------------+-------+-------+-------++-------
Melee: War axe           |    61 |   177 |   281 ||   519
       Headbutt          |    11 |    27 |    60 ||    98
Throw: Stone             |     3 |       |     2 ||     5
       Javelin           |       |       |    20 ||    20
Evoke: Wand              |       |       |    11 ||    11
  Use: Scroll            |     5 |     2 |     9 ||    16
       Potion            |     2 |     1 |    12 ||    15
 Stab: Distracted        |       |       |     1 ||     1
Armor: Scale mail        |    30 |       |       ||    30
       Chain mail        |       |    31 |       ||    31
       Plate armour      |       |    80 |   157 ||   237
Dodge: Dodged            |    20 |    32 |    73 ||   125
Block: Kite shield       |    28 |    96 |   182 ||   306
